 Dungeon Crawl Stone Soup version 0.23-a0-241-g3b46b07 (webtiles) character file.

380 wewladwew the Ducker (level 6, 0/51 HPs)
             Began as a Gnoll Gladiator on Sept 26, 2018.
             Succumbed to a killer bee's poison
             ... on level 7 of the Dungeon on Oct 5, 2018.
             The game lasted 00:22:41 (2816 turns).

wewladwew the Ducker (Gnoll Gladiator)              Turns: 2816, Time: 00:22:42

Health: 0/51       AC:  7    Str: 16    XL:     6   Next: 75%
Magic:  9/9        EV: 14    Int: 10    God:
Gold:   53         SH:  0    Dex: 19    Spells: 9/9 levels left

rFire    . . .     SeeInvis .   a - +0 trident
rCold    . . .     Gourm    .   (no shield)
rNeg     . . .     Faith    .   i - +0 scale mail
rPois    .         Spirit   .   c - +0 helmet
rElec    .         Reflect  .   (no cloak)
rCorr    .         Harm     .   (no gloves)
MR       .....                  (no boots)
Stlth    +.........             (no amulet)
HPRegen  0.17/turn              (no ring)
MPRegen  0.11/turn              (no ring)

@: lethally poisoned (0 -> -12)
A: distributed training, fangs 1, strong nose
a: no special abilities


You were on level 7 of the Dungeon.
You were not hungry.

You visited 1 branch of the dungeon, and saw 7 of its levels.

You collected 133 gold pieces.
You spent 80 gold pieces at shops.

Inventory:

Hand Weapons
 a - a +0 trident (weapon)
Missiles
 d - a throwing net
 e - 192 stones (quivered)
Armour
 b - a +0 leather armour
 c - a +0 helmet (worn)
 i - a +0 scale mail (worn)
Magical Staves
 k - an uncursed staff of power
Wands
 m - a wand of flame (26)
Scrolls
 g - 3 scrolls of identify
 h - 3 scrolls of remove curse
Comestibles
 f - 5 rations


   Skills:
 + Level 5.0 Fighting
 + Level 2.0 Short Blades
 + Level 2.0 Long Blades
 + Level 2.0 Axes
 + Level 2.0 Maces & Flails
 + Level 6.8 Polearms
 + Level 2.0 Staves
 + Level 2.0 Slings
 + Level 2.0 Bows
 + Level 2.0 Crossbows
 + Level 5.0 Throwing
 + Level 2.0 Armour
 + Level 6.8 Dodging
 + Level 2.0 Stealth
 + Level 2.0 Shields
 + Level 2.0 Unarmed Combat
 + Level 2.0 Spellcasting
 + Level 1.6 Conjurations
 + Level 1.6 Hexes
 + Level 1.6 Charms
 + Level 1.6 Summonings
 + Level 1.6 Necromancy
 + Level 1.6 Translocations
 + Level 1.6 Transmutations
 + Level 1.6 Fire Magic
 + Level 1.6 Ice Magic
 + Level 1.6 Air Magic
 + Level 1.6 Earth Magic
 + Level 1.6 Poison Magic
 + Level 2.2 Invocations
 + Level 2.0 Evocations


You had 9 spell levels left.
You didn't know any spells.
Your spell library was empty.

Dungeon Overview and Level Annotations

Branches:
Dungeon (6/15)
 Temple: D:4-7

Altars:
Fedhas
Uskayaw
Wu Jian
The Shining One

Shops:
D:6 *


Innate Abilities, Weirdness & Mutations

Your experience applies equally to all skills.
You have very sharp teeth.
Your uncanny sense of smell can sniff out nearby items.


Message History

The killer bee is almost dead.
The killer bee stings you but does no damage.
The killer bee barely misses you.
You miss the killer bee. Your bite misses the killer bee.
The killer bee is almost dead.
You feel sick. The killer bee barely misses you. x2
You miss the killer bee.
The killer bee is severely wounded.
The killer bee stings you.
* * * LOW HITPOINT WARNING * * *
You are lethally poisoned!
The killer bee poisons you! The killer bee closely misses you.
You barely miss the killer bee.
The killer bee is severely wounded.
* * * LOW HITPOINT WARNING * * *
You feel sick. The killer bee closely misses you. The killer bee stings you.
* * * LOW HITPOINT WARNING * * *
Your scale mail prevents you from hitting the killer bee.
The killer bee is severely wounded.
You die...

..# ..# ..# #l# #.#
# #y# # ####.##.#
.#
........#####..####
####...lyyy@.......
##########......
#####


You could see an iguana and 3 killer bees.

Vanquished Creatures
  A crimson imp (D:4)
  A bullfrog skeleton (D:3)
  A jelly (D:4)
  An orc wizard (D:4)
  2 hound zombies (D:5)
  A gnoll (D:5)
  9 adders
  3 river rats (D:4)
  4 worms
  2 dart slugs
  2 leopard geckos
  10 orcs
  A ball python (D:2)
  4 bats
  5 giant cockroaches
  9 goblins
  5 hobgoblins
  9 jackals
  A quokka (D:2)
  3 frilled lizards
  2 goblin skeletons (D:4)
  A goblin zombie (D:4)
  A hobgoblin zombie (D:4)
  5 kobolds (D:1)
  A kobold skeleton (D:4)
  3 kobold zombies (D:4)
  An orc skeleton (D:4)
  An orc zombie (D:4)
  5 rats
94 creatures vanquished.

Vanquished Creatures (others)
  A worm (D:4)
  An orc (D:4)
2 creatures vanquished.

Grand Total: 96 creatures vanquished

Notes
Turn   | Place    | Note
-------+----------+-------------------------------------------
     0 | D:1      | wewladwew the Gnoll Gladiator began the quest for the Orb.
     0 | D:1      | Reached XP level 1. HP: 20/20 MP: 1/1
   298 | D:1      | Reached XP level 2. HP: 20/26 MP: 2/2
   714 | D:1      | Reached XP level 3. HP: 28/31 MP: 3/3
   872 | D:2      | Found an ornate altar of the Wu Jian Council.
   903 | D:2      | Found a blossoming altar of Fedhas.
   983 | D:2      | Reached skill level 1 in Invocations
  1052 | D:2      | Reached skill level 1 in Short Blades
  1052 | D:2      | Reached skill level 1 in Long Blades
  1052 | D:2      | Reached skill level 1 in Axes
  1052 | D:2      | Reached skill level 1 in Maces & Flails
  1052 | D:2      | Reached skill level 1 in Staves
  1052 | D:2      | Reached skill level 1 in Slings
  1052 | D:2      | Reached skill level 1 in Bows
  1052 | D:2      | Reached skill level 1 in Crossbows
  1052 | D:2      | Reached skill level 1 in Armour
  1052 | D:2      | Reached skill level 1 in Stealth
  1052 | D:2      | Reached skill level 1 in Shields
  1052 | D:2      | Reached skill level 1 in Unarmed Combat
  1052 | D:2      | Reached skill level 1 in Spellcasting
  1052 | D:2      | Reached skill level 1 in Evocations
  1117 | D:3      | Reached XP level 4. HP: 33/38 MP: 5/5
  1363 | D:4      | Reached skill level 1 in Conjurations
  1363 | D:4      | Reached skill level 1 in Hexes
  1363 | D:4      | Reached skill level 1 in Charms
  1363 | D:4      | Reached skill level 1 in Summonings
  1363 | D:4      | Reached skill level 1 in Necromancy
  1363 | D:4      | Reached skill level 1 in Translocations
  1363 | D:4      | Reached skill level 1 in Transmutations
  1363 | D:4      | Reached skill level 1 in Fire Magic
  1363 | D:4      | Reached skill level 1 in Ice Magic
  1363 | D:4      | Reached skill level 1 in Air Magic
  1363 | D:4      | Reached skill level 1 in Earth Magic
  1363 | D:4      | Reached skill level 1 in Poison Magic
  1430 | D:4      | Found a glowing golden altar of the Shining One.
  1488 | D:4      | Reached XP level 5. HP: 43/43 MP: 5/7
  1842 | D:3      | Reached XP level 6. HP: 19/50 MP: 8/8
  2162 | D:4      | Found a hide-covered altar of Uskayaw.
  2378 | D:4      | Reached skill level 5 in Fighting
  2378 | D:4      | Reached skill level 5 in Throwing
  2541 | D:5      | Entered Level 5 of the Dungeon
  2671 | D:6      | Found Ifyacuz's Assorted Antiques.
  2676 | D:6      | Bought a copper wand for 80 gold pieces
  2711 | D:6      | You fall through a shaft!
  2749 | D:7      | Noticed a phantom
  2815 | D:7      | HP: 1/51 [killer bee (4)]
  2816 | D:7      | Succumbed to a killer bee's poison

Vault maps used:
D:1:      dpeg_arrival_rhombi
D:2:      fedhas_altar_2, old_standard_altar, first_ration
D:3:      cheibrodos_old_hovel, lemuel_round_altar, st_stairs_6
D:4:      lemuel_doored_altar, nicolae_tso_besieged_by_evil,
          overflow_temple_1_default, lemuel_temple_firewalk_b,
          lightli_sewer_entry_pipes, st_stairs_3
D:6:      gup_ossuary_entry_pyramid, serial_shops, shop, uniq_pikel,
          uniq_duvessa
D:7:      grunt_livestock, serial_bayou_pond_b

Skill      XL: |  1  2  3  4  5  6 |
---------------+-------------------+-----
Invocations    | 1 2 |  2.2
Short Blades   | 1 2 |  2.0
Long Blades    | 1 2 |  2.0
Axes           | 1 2 |  2.0
Maces & Flails | 1 2 |  2.0
Staves         | 1 2 |  2.0
Slings         | 1 2 |  2.0
Bows           | 1 2 |  2.0
Crossbows      | 1 2 |  2.0
Armour         | 1 2 |  2.0
Stealth        | 1 2 |  2.0
Shields        | 1 2 |  2.0
Unarmed Combat | 1 2 |  2.0
Spellcasting   | 1 2 |  2.0
Evocations     | 1 2 |  2.0
Conjurations   | 1 |  1.6
Hexes          | 1 |  1.6
Charms         | 1 |  1.6
Summonings     | 1 |  1.6
Necromancy     | 1 |  1.6
Translocations | 1 |  1.6
Transmutations | 1 |  1.6
Fire Magic     | 1 |  1.6
Ice Magic      | 1 |  1.6
Air Magic      | 1 |  1.6
Earth Magic    | 1 |  1.6
Poison Magic   | 1 |  1.6
Fighting       | 5 |  5.0
Throwing       | 5 |  5.0
Polearms       | |  6.8
Dodging        | |  6.8

Action                   |  1- 3 |  4- 6 || total
-------------------------+-------+-------++-------
Melee: Trident           |   104 |   286 ||   390
       Bite              |    10 |    32 ||    42
       Punch             |       |     1 ||     1
Throw: Throwing net      |     3 |     4 ||     7
       Stone             |    21 |    18 ||    39
  Use: Scroll            |     2 |     5 ||     7
  Eat: Ration            |       |     1 ||     1
       Chunk             |       |     3 ||     3
Armor: Leather armour    |     8 |       ||     8
       Scale mail        |    31 |    86 ||   117
Dodge: Dodged            |    77 |   200 ||   277

Table legend:
 A = Non-vault XP
 B = Vault XP
 C = Vault XP percentage of total XP
 D = Non-vault monster count
 E = Vault monster count
 F = Vault count percentage of total count
                 A         B        C        D         E       F
            +---------+---------+-------+---------+---------+-------
      Total |     350 |     194 |  35.7 |      69 |      25 |  26.6
            +---------+---------+-------+---------+---------+-------
        D:1 |      43 |       0 |   0.0 |      23 |       0 |   0.0
        D:2 |      34 |       0 |   0.0 |      12 |       0 |   0.0
        D:3 |      75 |      28 |  27.2 |      15 |       3 |  16.7
        D:4 |     128 |     166 |  56.5 |      14 |      22 |  61.1
        D:5 |      54 |       0 |   0.0 |       3 |       0 |   0.0
        D:7 |      16 |       0 |   0.0 |       2 |       0 |   0.0
            +---------+---------+-------+---------+---------+-------
